 Dungeon Crawl Stone Soup version 0.31-a0-1009-g454b1f1e0a (webtiles) character file.

Game seed: 17007279688921972007

82 Malachi the Shooter (level 4, -1/35 HPs)
             Began as a Demonspawn Hunter on Nov 16, 2023.
             Splashed by a jelly's acid (7 damage)
             ... on level 3 of the Dungeon.
             The game lasted 00:02:14 (1495 turns).

Malachi the Shooter (Demonspawn Hunter)             Turns: 1495, Time: 00:02:16

Health: -1/35      AC:  1    Str: 13    XL:     4   Next: 21%
Magic:  4/4        EV:  7    Int: 10    God:
Gold:   45         SH:  0    Dex: 23    Spells: 3/3 levels left

rFire   . .          .
                       - Unarmed
rCold   . . .        (no shield)
rNeg    . . .        i - +0 chain mail
rPois   .            (helmet restricted)
rElec   .            (no cloak)
rCorr   .            (no gloves)
SInv    .            j - +0 pair of boots
Will    .....        (no amulet) Stlth
                     h - +6 ring of dexterity
HPRegen 0.25/turn    (no ring)
MPRegen 0.09/turn

%: no passive effects
@: corroded
A: antennae 1, claws 1, ignite blood 1
a: no special abilities


You were on level 3 of the Dungeon.
You visited 1 branch of the dungeon, and saw 3 of its levels.

You collected 45 gold pieces.

Inventory:

Hand Weapons
 a - a +0 shortbow
 l - a +0 sling
Missiles
 n - 6 boomerangs
Armour
 i - a +0 chain mail (worn)
 j - a +0 pair of boots (worn)
Jewellery
 h - a +6 ring of dexterity (left claw)
Scrolls
 b - a scroll of butterflies
 c - a scroll of teleportation {unknown}
 e - 2 scrolls of identify {unknown}
 g - 3 scrolls of enchant armour {unknown}
 k - a scroll of immolation {unknown}
 m - a scroll of revelation {unknown}
Potions
 d - a potion of heal wounds {unknown}
 f - a potion of brilliance {unknown}


   Skills:
 + Level 3.1 Fighting
 - Level 3.9 Ranged Weapons
 - Level 2.2 Dodging
 - Level 1.6 Stealth
 + Level 1.4 Unarmed Combat


You had 3 spell levels left.
You didn't know any spells.
Your spell library contained the following spells:

 Spells                   Type           Power      Damage    Failure   Level
 Wereblood                Tmut           0%         N/A       100%        2
 Irradiate                Conj/Tmut      0%         3d11      100%        5


Dungeon Overview and Level Annotations

Branches:
Dungeon (3/15)

Altars:


Innate Abilities, Weirdness & Mutations

You have a pair of small antennae on your head.
You have sharp fingernails.
Your demonic aura sometimes causes spilled blood to erupt in flames.


Message History

The quokka bites you.
You scratch the quokka.
The quokka is severely wounded.
The quokka bites you.
You barely miss the quokka. Your claw misses the quokka.
The quokka is severely wounded.
The quokka bites you but does no damage.
You scratch the quokka.
You kill the quokka!
No target in view!
A jelly comes into view.
A jelly is nearby!
A jelly is nearby!
A jelly is nearby!
A jelly is nearby!
The jelly quivers.
You claw the jelly!
Your claws burn!
The jelly is moderately wounded.
The jelly closely misses you.
You scratch the jelly.
Your claws burn!
The jelly is heavily wounded.
The jelly hits you. The acid corrodes you!
You are splashed with acid!
You are too injured to fight recklessly!
You are too injured to fight recklessly!
You are too injured to fight recklessly!
You are too injured to fight recklessly!
You scratch the jelly.
Your claws burn!
The jelly is heavily wounded.
The jelly hits you but does no damage.
You scratch the jelly. The acid corrodes you!
Your claws burn!
* * * LOW HITPOINT WARNING * * *
The jelly is severely wounded.
The jelly completely misses you.
You scratch the jelly but do no damage.
Your claws burn!
* * * LOW HITPOINT WARNING * * *
The jelly is severely wounded.
The jelly hits you.
* * * LOW HITPOINT WARNING * * *
You are splashed with acid!
You die...

. ...# ....#
.#..# ..<#
#..# #..# #.J#
#.@# #..##
#####...##
##........##
#..........#
#..........#
#..........###
.............#
#............#


You could see a jelly.

Vanquished Creatures
  4 adders
  2 worms (D:2)
  A dart slug (D:2)
  4 bats (D:2)
  3 endoplasms (D:1)
  3 goblins
  3 hobgoblins
  2 jackals (D:1)
  5 quokkas
  4 ball pythons
  A frilled lizard (D:1)
  2 kobolds
  5 rats
39 creatures vanquished.

Notes
Turn   | Place    | Note
-------+----------+-------------------------------------------
     0 | D:1      | Malachi the Demonspawn Hunter began the quest for the Orb.
     0 | D:1      | Reached XP level 1. HP: 16/16 MP: 1/1
    27 | D:1      | Reached skill level 1 in Stealth
   244 | D:1      | Discovered your monstrous ancestry.
   244 | D:1      | Gained mutation: You have sharp fingernails. [demonic
                  | ancestry]
   244 | D:1      | Reached XP level 2. HP: 22/22 MP: 2/2
   607 | D:2      | Gained mutation: You have a pair of small antennae on your
                  | head. [demonic ancestry]
   607 | D:2      | Reached XP level 3. HP: 4/28 MP: 3/3
   999 | D:2      | Reached skill level 1 in Unarmed Combat
  1203 | D:2      | Gained mutation: Your demonic aura sometimes causes spilled
                  | blood to erupt in flames. [demonic ancestry]
  1203 | D:2      | Reached XP level 4. HP: 16/34 MP: 4/4
  1495 | D:3      | Splashed by a jelly's acid

Illustrated notes

Levels and vault maps discovered:
D:1:      lightli_arrival_noodles, layout_loops_ring
D:2:      layout_basic, grunt_decor_one_mirror
D:3:      wad_river_or_something, layout_rooms,
          mainiacjoe_overflow_concentric_impassable, minmay_increasing_density,
          uniq_robin

Skill      XL: |  1  2  3  4 |
---------------+-------------+-----
Stealth        | 1 |  1.6
Dodging        | 2 |  2.2
Unarmed Combat | 1 |  1.4
Fighting       | 3 |  3.1
Ranged Weapons | |  3.9

Action                     |  1- 3 |  4- 6 || total
---------------------------+-------+-------++-------
  Melee: Unarmed           |    75 |    24 ||    99
         Punch             |     2 |       ||     2
   Fire: Shortbow          |    53 |       ||    53
   Stab: Sleeping          |     1 |       ||     1
 Armour: Leather armour    |    76 |       ||    76
         Chain mail        |       |    20 ||    20
  Dodge: Dodged            |    81 |     3 ||    84

Table legend: (Time is in decaauts)
 A = Elapsed time spent in this place.
 B = Non-inter-level travel time spent in this place.
 C = Inter-level travel time spent in this place.
 D = Time resting spent in this place.
 E = Time spent auto-exploring this place.
 F = Levels seen in this place.
 G = Mean time per level.
                   A        B        C        D        E       F      G
               +--------+--------+--------+--------+--------+-----+--------+
         Total |   1504 |   1493 |     11 |    321 |    847 |   3 |  501.3 |
       Dungeon |   1504 |   1493 |     11 |    321 |    847 |   3 |  501.3 |
               +--------+--------+--------+--------+--------+-----+--------+

Top non-repeatable levels by time:
     D:2: 745 daAuts
     D:1: 595 daAuts
     D:3: 162 daAuts
